 Dungeon Crawl Stone Soup version 0.21-a0-227-g58a7c62 (webtiles) character file.

310 pichaelthompson the Insei (level 6, -2/50 HPs)
             Began as a Draconian Transmuter on Aug 30, 2017.
             Slain by a black bear (12 damage)
             ... on level 4 of the Dungeon.
             The game lasted 00:11:50 (4820 turns).

pichaelthompson the Insei (Draconian Transmuter)    Turns: 4820, Time: 00:11:51

Health: -2/50      AC:  6    Str: 14    XL:     6   Next: 17%
Magic:  10/10      EV: 13    Int: 14    God:
Gold:   180        SH:  0    Dex: 13    Spells: 4/10 levels left

rFire    . . .     SeeInvis .     - Unarmed
rCold    . . .     Gourm    .   (no shield)
rNeg     . . .     Faith    .   (armour unavailable)
rPois    .         Spirit   .   (helmet restricted)
rElec    .         Reflect  .   (no cloak)
rCorr    .         Harm     .   (no gloves)
MR       .....                  (no boots)
Stlth    +.........             u - amulet of rage
HPRegen  0.16/turn              e - +2 ring of strength (curse)
MPRegen  0.12/turn              h - ring of flight

@: appendage (expiring)
A: unfitting armour, horns 2, cold-blooded, AC +6
a: End Transformation, Evoke Berserk Rage, Evoke Flight


You were on level 4 of the Dungeon.
You were not hungry.
You had grown temporary horns.
You visited 1 branch of the dungeon, and saw 4 of its levels.

You collected 180 gold pieces.

Inventory:

Missiles
 a - 33 arrows
Jewellery
 e - a cursed +2 ring of strength (left hand)
 h - a ring of flight (right hand)
 u - an amulet of rage (around neck)
Wands
 x - a wand of digging (12/24)
Scrolls
 f - 3 scrolls of identify {unknown}
 i - 3 scrolls of teleportation {unknown}
 o - a scroll of remove curse {unknown}
 p - a scroll of enchant weapon {unknown}
 r - a scroll of recharging {unknown}
 t - 4 scrolls of noise {unknown}
 y - a scroll of fog {unknown}
Potions
 d - 3 potions of heal wounds {unknown}
 g - 2 potions of curing
 j - 3 potions of might {unknown}
 l - 2 potions of magic {unknown}
 m - a potion of mutation {unknown}
 n - 2 potions of ambrosia {unknown}
 s - 2 potions of flight {unknown}
 w - a potion of haste {unknown}
 z - a potion of invisibility {unknown}
Books
 b - a book of Changes

   Spells                             Type                      Level
   a - Beastly Appendage              Transmutation                1
   b - Sticks to Snakes               Transmutation                2
   c - Spider Form                    Transmutation/Poison         3
   d - Ice Form                       Ice/Transmutation            4
   e - Blade Hands                    Transmutation                5
 q - a book of Cantrips

   Spells                             Type                      Level
   a - Confusing Touch                Hexes                        1
   b - Animate Skeleton               Necromancy                   1
   c - Summon Small Mammal            Summoning                    1
   d - Apportation                    Translocation                1
Comestibles
 c - 3 bread rations
 k - a meat ration
 v - 2 fruits


   Skills:
 * Level 2.5 Fighting
 * Level 3.1 Dodging
 + Level 0.6 Stealth
 + Level 4.2 Unarmed Combat
 * Level 2.6 Spellcasting
 * Level 2.9 Transmutations
 * Level 1.5 Poison Magic
 * Level 1.3 Evocations


You had 4 spell levels left.
You knew the following spells:

 Your Spells              Type           Power        Failure   Level  Hunger
a - Beastly Appendage     Tmut           ##....       7%          1    #......
b - Sticks to Snakes      Tmut           ##......     10%         2    ###....
c - Spider Form           Tmut/Pois      #.........   26%         3    ###....


Dungeon Overview and Level Annotations

Branches:
Dungeon (4/15)
 Temple: D:4-7

Altars:
Trog
Uskayaw


Innate Abilities, Weirdness & Mutations

Your plain brown scales are hard. (AC +6)
You cannot fit into any form of body armour.
You are cold-blooded and may be slowed by cold attacks.
You have a pair of horns on your head.


Message History

The black bear claws you but does no damage. x2
You hit the black bear.
The black bear is almost dead.
The black bear completely misses you. The black bear closely misses you.
The black bear claws you but does no damage.
You hit the black bear but do no damage.
The black bear is almost dead.
The black bear goes berserk!
You closely miss the black bear. Your headbutt misses the black bear.
The black bear is almost dead.
Your transformation is almost over.
The black bear bites you. The black bear claws you. x2
You closely miss the black bear. You headbutt the black bear.
The black bear is almost dead.
The black bear bites you! The black bear claws you.
* * * LOW HITPOINT WARNING * * *
The black bear claws you.
* * * LOW HITPOINT WARNING * * *
The black bear bites you!
You die...

### #.. #.# #.# #####
#.#
......###.##########.#
#..h@._........##.#
#..###.######..##.# #.
##.######..##.# ..
...........##.# ..
...#####...##.# ##
##..# #...##.#
#(.#####...##.###
#...............#
.######..#####.#


You could see a black bear (berserk).

Vanquished Creatures
  A crimson imp (D:4)
  Natasha (thrice) (D:2)
  Terence (D:3)
  8 adders
  An ooze (D:1)
  4 worms
  The ghost of Jackolantern the Grave Robber, a weakling GnWn (D:3)
  5 dart slugs
  2 leopard geckos
  3 bats
  3 giant cockroaches
  10 goblins
  7 hobgoblins
  6 jackals
  8 kobolds
  2 quokkas
  6 frilled lizards
  8 rats
79 creatures vanquished.

Notes
Turn   | Place    | Note
-------+----------+-------------------------------------------
     0 | D:1      | pichaelthompson the Draconian Transmuter began the quest for the Orb.
     0 | D:1      | Reached XP level 1. HP: 16/16 MP: 3/3
    99 | D:1      | Reached XP level 2. HP: 14/23 MP: 5/5
   167 | D:1      | Learned a level 2 spell: Sticks to Snakes
   548 | D:1      | Reached XP level 3. HP: 24/28 MP: 6/6
   890 | D:1      | Learned a level 3 spell: Spider Form
  1326 | D:2      | Reached XP level 4. HP: 28/36 MP: 7/7
  1363 | D:2      | Found a hide-covered altar of Uskayaw.
  1623 | D:2      | Noticed Natasha
  1643 | D:2      | Killed Natasha
  1643 | D:2      | Reached skill level 1 in Evocations
  1653 | D:2      | Reached skill level 4 in Unarmed Combat
  2124 | D:2      | Noticed Natasha
  2135 | D:2      | Killed Natasha
  2135 | D:2      | Reached XP level 5. HP: 23/41 MP: 6/8
  2355 | D:2      | Noticed Natasha
  2762 | D:2      | Killed Natasha
  2762 | D:2      | Reached skill level 1 in Poison Magic
  3203 | D:3      | Noticed Jackolantern's ghost (weakling GnWn)
  3226 | D:3      | Killed Jackolantern's ghost
  3318 | D:3      | Noticed Terence
  3341 | D:3      | Killed Terence
  3995 | D:3      | Reached XP level 6. HP: 48/50 MP: 9/9
  4800 | D:4      | Found a bloodstained altar of Trog.
  4820 | D:4      | Slain by a black bear

Vault maps used:
D:1:      lemuel_arrival_behind_the_door_small
D:2:      lemuel_doored_altar, uniq_natasha
D:3:      uniq_terence
D:4:      overflow_temple_1_default, first_bread

Skill      XL: |  1  2  3  4  5 |
---------------+----------------+-----
Dodging        | 2 3 |  3.1
Evocations     | 1 |  1.3
Unarmed Combat | 4 |  4.2
Fighting       | 2 |  2.5
Poison Magic   | 1 |  1.5
Stealth        | |  0.6
Spellcasting   | |  2.6
Transmutations | |  2.9

Action                   |  1- 3 |  4- 6 || total
-------------------------+-------+-------++-------
Melee: Unarmed           |   118 |   282 ||   400
       Tailslap          |    13 |    24 ||    37
       Punch             |     1 |     9 ||    10
       Kick              |     2 |     7 ||     9
       Headbutt          |     1 |    18 ||    19
 Cast: Beastly Appendage |     2 |    15 ||    17
 Stab: Sleeping          |     1 |       ||     1
  Eat: Chunk             |     1 |    10 ||    11
       Meat ration       |       |     1 ||     1
Armor: Skin              |    25 |    67 ||    92
Dodge: Dodged            |    78 |   155 ||   233

Table legend:
 A = Spawn XP
 B = Non-spawn XP
 C = Spawn XP percentage of total XP
 D = Spawn monster count
 E = Non-spawn monster count
 F = Spawn count percentage of total count
 G = Total turns spent on level
                    A         B        C        D         E        F      G
               +---------+---------+-------+---------+---------+-------+---------
         Total |      89 |     354 |  20.1 |      14 |      65 |  17.7 |  4820
               +---------+---------+-------+---------+---------+-------+---------
           D:1 |       7 |      45 |  13.5 |       3 |      19 |  13.6 |   891
           D:2 |      27 |     194 |  12.2 |       7 |      21 |  25.0 |  2307
           D:3 |       1 |     115 |   0.9 |       1 |      25 |   3.8 |  1078
           D:4 |      54 |       0 | 100.0 |       3 |       0 | 100.0 |   544
               +---------+---------+-------+---------+---------+-------+---------
